| TOP OF THE 1ST |
|
Pittsfield Colonials batting - Pitching for Elmira Pioneers : RHP Carlos Cruz
|
|
Pitching: RHP Carlos Cruz
|
|
|
Batting: SHB Steve Scafa
|
0-0: Foul Ball, location: 2F 0-1: Ball 1-1: Called Strike 1-2: Ball 2-2: Ball 3-2: Base on Balls
|
|
Batting: SHB Felipe Gracia
|
0-0: Ball 1-0: DOUBLE (Line Drive, 7LM, EV 90.0 MPH) Steve Scafa to third
|
|
Batting: RHB Shawon Dunston
|
0-0: Ball 1-0: Ground out 4-3 (Groundball, 4, EV 85.6 MPH) Steve Scafa scores Felipe Gracia to third
|
|
Batting: LHB James Wojcik
|
0-0: Ball 1-0: Ball 2-0: Ground out 1-3 (Groundball, 34S, EV 68.1 MPH)
|
|
Batting: LHB Armando Ortiz
|
0-0: Called Strike 0-1: Called Strike 0-2: Ball 1-2: Ball 2-2: Ground out 5-3 (Groundball, 5, EV 80.0 MPH)
|
| Top of the 1st over - 1 run, 1 hit, 0 errors, 1 left on base; Pittsfield 1 - Elmira 0 |
| BOTTOM OF THE 1ST |
|
Elmira Pioneers batting - Pitching for Pittsfield Colonials : RHP Fernando Santana
|
|
Pitching: RHP Fernando Santana
|
|
|
Batting: RHB Ken Dowell
|
0-0: Ball 1-0: Ball 2-0: Ground out 5-3 (Groundball, 56S, EV 71.3 MPH)
|
|
Batting: RHB Ron Stinnett
|
0-0: Called Strike 0-1: Ball 1-1: Ball 2-1: Ground out 6-3 (Groundball, 6, EV 85.6 MPH)
|
|
Batting: RHB Richard Givens
|
0-0: Ball 1-0: Swinging Strike 1-1: Called Strike 1-2: Ball 2-2: Ball 3-2: Strikes out swinging
|
| Bottom of the 1st over - 0 runs, 0 hits, 0 errors, 0 left on base; Pittsfield 1 - Elmira 0 |
| TOP OF THE 2ND |
|
Pittsfield Colonials batting - Pitching for Elmira Pioneers : RHP Carlos Cruz
|
|
Batting: RHB Mike Brewer
|
0-0: Called Strike 0-1: Called Strike 0-2: Ball 1-2: Ground out 6-3 (Groundball, 6MD, EV 85.0 MPH)
|
|
Batting: SHB David Enos
|
0-0: SINGLE (Groundball, 4MS, EV 65.0 MPH) (infield hit)
|
|
Batting: RHB Steven Ramler
|
0-0: Called Strike 0-1: Called Strike 0-2: Ball 1-2: Strikes out looking
|
|
Batting: RHB Glenn Hoffman
|
0-0: SINGLE (Line Drive, 4MD, EV 99.4 MPH) David Enos to second Runner from 2nd tries for 3rd, SAFE, throw by CF made to third
|
|
Batting: SHB Steve Scafa
|
0-0: Called Strike 0-1: Ball 1-1: Foul Ball, location: 2F 1-2: Foul Ball, location: 2F 1-2: Ball 2-2: Fielders Choice at 2nd, 6-4 (Groundball, 6, EV 110.6 MPH)
|
| Top of the 2nd over - 0 runs, 2 hits, 0 errors, 2 left on base; Pittsfield 1 - Elmira 0 |
| BOTTOM OF THE 2ND |
|
Elmira Pioneers batting - Pitching for Pittsfield Colonials : RHP Fernando Santana
|
|
Batting: RHB Donn Koch
|
0-0: Called Strike 0-1: Ball 1-1: Ground out 3-1 (Groundball, 34S, EV 80.0 MPH)
|
|
Batting: RHB Edwin Rodriguez
|
0-0: Called Strike 0-1: Called Strike 0-2: Fly out, F8 (Flyball, 8LD, EV 104.4 MPH)
|
|
Batting: SHB Esteban Mendez
|
0-0: Called Strike 0-1: Called Strike 0-2: Ball 1-2: Fly out, F9 (Line Drive, 9, EV 98.1 MPH)
|
| Bottom of the 2nd over - 0 runs, 0 hits, 0 errors, 0 left on base; Pittsfield 1 - Elmira 0 |
| TOP OF THE 3RD |
|
Pittsfield Colonials batting - Pitching for Elmira Pioneers : RHP Carlos Cruz
|
|
Batting: SHB Felipe Gracia
|
0-0: Ball 1-0: Ball 2-0: Ball 3-0: Called Strike 3-1: Base on Balls
|
|
Batting: RHB Shawon Dunston
|
0-0: Foul Ball, location: 2F 0-1: SINGLE (Line Drive, 78S, EV 86.3 MPH) Felipe Gracia to second
|
|
Batting: LHB James Wojcik
|
0-0: Called Strike 0-1: Fly out, F8 (Line Drive, 8LM, EV 90.0 MPH)
|
|
Batting: LHB Armando Ortiz
|
0-0: Ball 1-0: Foul Ball, location: 2F 1-1: Foul Ball, location: 2F 1-2: Fly out, F3 (Popup, 34S, EV 70.0 MPH)
|
|
Batting: RHB Mike Brewer
|
0-0: Called Strike 0-1: Ball 1-1: Ground out 4-3 (Groundball, 4, EV 103.8 MPH)
|
| Top of the 3rd over - 0 runs, 1 hit, 0 errors, 2 left on base; Pittsfield 1 - Elmira 0 |
| BOTTOM OF THE 3RD |
|
Elmira Pioneers batting - Pitching for Pittsfield Colonials : RHP Fernando Santana
|
|
Batting: LHB Juan Flores
|
0-0: Called Strike 0-1: Called Strike 0-2: Ball 1-2: Foul Ball, location: 2F 1-2: Ball 2-2: Reached on error, E3 (Groundball, 3, EV 87.5 MPH)
|
|
Batting: RHB Curtis Cannedy
|
0-0: Called Strike 0-1: Fly out, F9 (Flyball, 9, EV 88.8 MPH)
|
|
Batting: LHB German Barranca
|
0-0: Fly out, F8 (Flyball, 8RD, EV 91.9 MPH)
|
|
Batting: RHB Ken Dowell
|
0-0: Ball 1-0: Ball 2-0: Foul Ball, location: 2F 2-1: Foul Ball, location: 2F 2-2: Ball 3-2: Foul Ball, location: 2F 3-2: Ground out 4-3 (Groundball, 4, EV 88.1 MPH)
|
| Bottom of the 3rd over - 0 runs, 0 hits, 1 error, 1 left on base; Pittsfield 1 - Elmira 0 |
| TOP OF THE 4TH |
|
Pittsfield Colonials batting - Pitching for Elmira Pioneers : RHP Carlos Cruz
|
|
Batting: SHB David Enos
|
0-0: Ball 1-0: Swinging Strike 1-1: Ball 2-1: Foul Ball, location: 2F 2-2: Ball 3-2: Strikes out swinging
|
|
Batting: RHB Steven Ramler
|
0-0: Ball 1-0: Ball 2-0: Called Strike 2-1: Ball 3-1: Base on Balls
|
|
Batting: RHB Glenn Hoffman
|
0-0: Called Strike 0-1: Ball 1-1: Foul Ball, location: 2F 1-2: Ball 2-2: Grounds into double play, 6-4-3 (Groundball, 6, EV 90.0 MPH)
|
| Top of the 4th over - 0 runs, 0 hits, 0 errors, 0 left on base; Pittsfield 1 - Elmira 0 |
| BOTTOM OF THE 4TH |
|
Elmira Pioneers batting - Pitching for Pittsfield Colonials : RHP Fernando Santana
|
|
Batting: RHB Ron Stinnett
|
0-0: Called Strike 0-1: Foul Ball, location: 2F 0-2: Ball 1-2: Strikes out swinging
|
|
Batting: RHB Richard Givens
|
0-0: Ball 1-0: Called Strike 1-1: Ball 2-1: Swinging Strike 2-2: Ball 3-2: Strikes out swinging
|
|
Batting: RHB Donn Koch
|
0-0: Called Strike 0-1: Ball 1-1: Ball 2-1: Swinging Strike 2-2: Foul Ball, location: 2F 2-2: Ball 3-2: Base on Balls
|
|
Batting: RHB Edwin Rodriguez
|
0-0: Ball 1-0: Called Strike 1-1: Called Strike 1-2: Ball 2-2: Strikes out swinging
|
| Bottom of the 4th over - 0 runs, 0 hits, 0 errors, 1 left on base; Pittsfield 1 - Elmira 0 |
| TOP OF THE 5TH |
|
Pittsfield Colonials batting - Pitching for Elmira Pioneers : RHP Carlos Cruz
|
|
Batting: SHB Steve Scafa
|
0-0: Ball 1-0: Ground out 5-3 (Groundball, 56, EV 90.6 MPH)
|
|
Batting: SHB Felipe Gracia
|
0-0: Ball 1-0: Ball 2-0: Called Strike 2-1: Ball 3-1: Base on Balls
|
|
Batting: RHB Shawon Dunston
|
0-0: Ball Wild Pitch! Felipe Gracia to second 1-0: Fly out, F8 (Flyball, 8LS, EV 88.1 MPH)
|
|
Batting: LHB James Wojcik
|
0-0: Ball 1-0: Called Strike 1-1: Fly out, F6 (Flyball, 6D, EV 81.3 MPH)
|
| Top of the 5th over - 0 runs, 0 hits, 0 errors, 1 left on base; Pittsfield 1 - Elmira 0 |
| BOTTOM OF THE 5TH |
|
Elmira Pioneers batting - Pitching for Pittsfield Colonials : RHP Fernando Santana
|
|
Batting: SHB Esteban Mendez
|
0-0: Called Strike 0-1: Foul Ball, location: 2F 0-2: Ball 1-2: Ball 2-2: SINGLE (Flyball, 9LS, EV 88.8 MPH)
|
|
Batting: LHB Juan Flores
|
0-0: Called Strike 0-1: Ball 1-1: Bunt missed! 1-2: Foul Ball, location: 2F 1-2: Ball 2-2: Foul Ball, location: 2F 2-2: SINGLE (Groundball, 34D, EV 106.3 MPH) Esteban Mendez to second Runner from 2nd tries for 3rd, SAFE, no throw by RF
|
|
Batting: RHB Curtis Cannedy
|
0-0: Ball 1-0: Foul Ball, location: 2F 1-1: Foul Ball, location: 2F 1-2: Foul Ball, location: 2F 1-2: Ball 2-2: Foul Ball, location: 2F 2-2: Foul Ball, location: 2F 2-2: Fly out, F8 (Flyball, 8RXD, EV 106.3 MPH) Runner from 3rd tags up, SCORES, no throw by CF
|
|
Batting: LHB German Barranca
|
0-0: Grounds into double play, 5-4-3 (Groundball, 5, EV 91.9 MPH)
|
| Bottom of the 5th over - 1 run, 2 hits, 0 errors, 0 left on base; Pittsfield 1 - Elmira 1 |
| TOP OF THE 6TH |
|
Pittsfield Colonials batting - Pitching for Elmira Pioneers : RHP Carlos Cruz
|
|
Batting: LHB Armando Ortiz
|
0-0: Foul Ball, location: 2F 0-1: Foul Ball, location: 2F 0-2: Ball 1-2: Strikes out looking
|
|
Batting: RHB Mike Brewer
|
0-0: Called Strike 0-1: Ball 1-1: Ball 2-1: Foul Ball, location: 2F 2-2: Foul Ball, location: 2F 2-2: Strikes out swinging
|
|
Batting: SHB David Enos
|
0-0: Foul Ball, location: 2F 0-1: Ball 1-1: Swinging Strike 1-2: Ball 2-2: Fly out, F9 (Flyball, 9LS, EV 85.6 MPH)
|
| Top of the 6th over - 0 runs, 0 hits, 0 errors, 0 left on base; Pittsfield 1 - Elmira 1 |
| BOTTOM OF THE 6TH |
|
Elmira Pioneers batting - Pitching for Pittsfield Colonials : RHP Fernando Santana
|
|
Batting: RHB Ken Dowell
|
0-0: Called Strike 0-1: Foul Ball, location: 2F 0-2: Foul Ball, location: 2F 0-2: Ball 1-2: Foul Ball, location: 2F 1-2: Ground out 5-3 (Groundball, 56S, EV 84.4 MPH)
|
|
Batting: RHB Ron Stinnett
|
0-0: Swinging Strike 0-1: Foul Ball, location: 2F 0-2: Ball 1-2: Strikes out looking
|
|
Batting: RHB Richard Givens
|
0-0: Ball 1-0: Ball 2-0: Foul Ball, location: 2F 2-1: Swinging Strike 2-2: Strikes out swinging
|
| Bottom of the 6th over - 0 runs, 0 hits, 0 errors, 0 left on base; Pittsfield 1 - Elmira 1 |
| TOP OF THE 7TH |
|
Pittsfield Colonials batting - Pitching for Elmira Pioneers : RHP Carlos Cruz
|
|
Batting: RHB Steven Ramler
|
0-0: Ball 1-0: Called Strike 1-1: Swinging Strike 1-2: Foul Ball, location: 2F 1-2: Ball 2-2: Ball 3-2: Fly out, F4 (Popup, 34D, EV 55.0 MPH)
|
|
Batting: RHB Glenn Hoffman
|
0-0: Called Strike 0-1: Ball 1-1: Called Strike 1-2: Ball 2-2: Strikes out swinging
|
|
Batting: SHB Steve Scafa
|
0-0: Ground out 4-3 (Groundball, 4, EV 90.6 MPH)
|
| Top of the 7th over - 0 runs, 0 hits, 0 errors, 0 left on base; Pittsfield 1 - Elmira 1 |
| BOTTOM OF THE 7TH |
|
Elmira Pioneers batting - Pitching for Pittsfield Colonials : RHP Fernando Santana
|
|
Batting: RHB Donn Koch
|
0-0: Ground out 6-3 (Groundball, 6, EV 86.9 MPH)
|
|
Batting: RHB Edwin Rodriguez
|
0-0: DOUBLE (Line Drive, 9LM, EV 99.4 MPH)
|
|
Batting: SHB Esteban Mendez
|
0-0: Ground out 4-3 (Groundball, 4, EV 85.0 MPH) Edwin Rodriguez to third
|
|
Batting: LHB Juan Flores
|
0-0: Fly out, F5 (Popup, 56S, EV 76.3 MPH)
|
| Bottom of the 7th over - 0 runs, 1 hit, 0 errors, 1 left on base; Pittsfield 1 - Elmira 1 |
| TOP OF THE 8TH |
|
Pittsfield Colonials batting - Pitching for Elmira Pioneers : RHP Carlos Cruz
|
|
Batting: SHB Felipe Gracia
|
0-0: Ball 1-0: Ball 2-0: Called Strike 2-1: Ground out 5-3 (Groundball, 56, EV 85.0 MPH)
|
|
Batting: RHB Shawon Dunston
|
0-0: Ball 1-0: Called Strike 1-1: Called Strike 1-2: Ball 2-2: Fly out, F8 (Flyball, 89XD, EV 106.3 MPH)
|
|
Batting: LHB James Wojcik
|
0-0: Foul Ball, location: 2F 0-1: Ball 1-1: Ball 2-1: Swinging Strike 2-2: Fly out, F3 (Line Drive, 3, EV 73.1 MPH)
|
| Top of the 8th over - 0 runs, 0 hits, 0 errors, 0 left on base; Pittsfield 1 - Elmira 1 |
| BOTTOM OF THE 8TH |
|
Elmira Pioneers batting - Pitching for Pittsfield Colonials : RHP Fernando Santana
|
|
Batting: RHB Curtis Cannedy
|
0-0: Called Strike 0-1: Called Strike 0-2: Ball 1-2: Strikes out swinging
|
|
Batting: LHB German Barranca
|
0-0: Called Strike 0-1: Ball 1-1: Ground out 6-3 (Groundball, 56, EV 109.4 MPH)
|
|
Batting: RHB Ken Dowell
|
0-0: Ball 1-0: Ball 2-0: Ball 3-0: Called Strike 3-1: Ground out 1-3 (Groundball, 13S, EV 60.6 MPH)
|
| Bottom of the 8th over - 0 runs, 0 hits, 0 errors, 0 left on base; Pittsfield 1 - Elmira 1 |
| TOP OF THE 9TH |
|
Pittsfield Colonials batting - Pitching for Elmira Pioneers : RHP Carlos Cruz
|
|
Pitching: RHP Alejandro Gallardo
|
|
|
Batting: LHB Armando Ortiz
|
0-0: Called Strike 0-1: Swinging Strike 0-2: Ball 1-2: Ball 2-2: Ball 3-2: Strikes out looking
|
|
Pinch Hitting: LHB Terry Francona
|
0-0: Ball 1-0: Ball 2-0: Ball 3-0: Called Strike 3-1: Base on Balls
|
|
Batting: SHB David Enos
|
0-0: Ball 1-0: Swinging Strike 1-1: Foul Ball, location: 2F 1-2: Foul Ball, location: 2F 1-2: Ball 2-2: Foul Ball, location: 2F 2-2: Strikes out looking
|
|
Batting: RHB Steven Ramler
|
0-0: Called Strike 0-1: Ball 1-1: Called Strike 1-2: Ball 2-2: Ground out 5-3 (Groundball, 56S, EV 68.1 MPH)
|
| Top of the 9th over - 0 runs, 0 hits, 0 errors, 1 left on base; Pittsfield 1 - Elmira 1 |
| BOTTOM OF THE 9TH |
|
Elmira Pioneers batting - Pitching for Pittsfield Colonials : RHP Fernando Santana
|
|
Now in LF: Terry Francona
|
|
|
Batting: LHB Neil Fiala
|
0-0: SINGLE (Groundball, 34D, EV 108.1 MPH)
|
|
Batting: RHB Richard Givens
|
0-0: Called Strike 0-1: Called Strike 0-2: Ball 1-2: Ball 2-2: Foul Ball, location: 2F 2-2: DOUBLE (Line Drive, 89M, EV 108.1 MPH) Neil Fiala to third
|
|
Batting: RHB Donn Koch
|
0-0: Ball 1-0: Ball 2-0: Fly out, F3 (Popup, 3F, EV 70.6 MPH)
|
|
Batting: RHB Edwin Rodriguez
|
0-0: Ball 1-0: Called Strike 1-1: Foul Ball, location: 2F 1-2: Ball 2-2: DOUBLE (Flyball, 3D, EV 91.9 MPH) Neil Fiala scores
|
| Bottom of the 9th over - 1 run, 3 hits, 0 errors, 0 left on base; Pittsfield 1 - Elmira 2 |
|